 Dungeon Crawl Stone Soup version 0.24.1-14-gf8d2b509d9 (webtiles) character file.

Game seed: 10209096461714608883, levelgen mode: deterministic

446 KlarStein the Slasher (level 6, -1/48 HPs)
             Began as a Demonspawn Fighter on Sept 1, 2020.
             Splashed by Ijyb's acid (7 damage)
             ... on level 3 of the Dungeon.
             The game lasted 00:15:34 (3691 turns).

KlarStein the Slasher (Demonspawn Fighter)          Turns: 3691, Time: 00:15:35

Health: -1/48      AC:  1    Str: 18    XL:     6   Next: 73%
Magic:  6/6        EV: 12    Int:  9    God:
Gold:   167        SH: 10    Dex: 18    Spells: 5/5 levels left

rFire    + . .     SeeInvis .   h - +4 dagger
rCold    + . .     Gourm    .   c - +0 shield
rNeg     . . .     Faith    .   b - +0 scale mail
rPois    .         Spirit   .   (no helmet)
rElec    .         Reflect  .   (no cloak)
rCorr    .         Harm     .   (no gloves)
MR       .....                  (no boots)
Stlth    +.........             j - amulet of the acrobat
HPRegen  0.16/turn              i - ring of protection from cold
MPRegen  0.10/turn              (no ring)

@: agile, corroded
A: icy blue scales 1, fire resistance 1, powered by pain 2
a: no special abilities


You were on level 3 of the Dungeon.
You were not hungry.

You visited 1 branch of the dungeon, and saw 3 of its levels.

You collected 167 gold pieces.

Inventory:

Hand Weapons
 a - a +1 long sword
 h - a +4 dagger (weapon)
 k - a +2 dagger of venom
 l - a +1 dagger of pain
Armour
 b - a +0 scale mail (worn)
 c - a +0 shield (worn)
Jewellery
 i - a ring of protection from cold (left hand)
 j - an amulet of the acrobat (around neck)
 o - an uncursed ring of protection from magic {unknown}
 r - an uncursed ring of protection from magic {unknown}
 s - a cursed ring of teleportation {unknown}
Scrolls
 g - a scroll of amnesia
 m - a scroll of teleportation {unknown}
 t - a scroll of magic mapping {unknown}
Potions
 d - a potion of might
 e - a potion of cancellation
 n - a potion of curing {unknown}
 p - a potion of lignification {unknown}
 q - 3 potions of degeneration {unknown}
 v - a potion of flight {unknown}
Comestibles
 f - 5 rations
 u - 15 chunks of flesh


   Skills:
 + Level 4.2 Fighting
 * Level 4.3 Long Blades
 + Level 3.9 Armour
 + Level 3.9 Shields


You had 5 spell levels left.
You didn't know any spells.
Your spell library was empty.

Dungeon Overview and Level Annotations

Branches:
Dungeon (3/15)

Altars:
Elyvilon

Annotations:
D:3 Ijyb


Innate Abilities, Weirdness & Mutations

You are partially covered in icy blue scales. (AC +2)
Your flesh is heat resistant. (rF+)
You sometimes gain power by taking damage.


Message History

Ijyb the Twisted Goblin comes into view.
She is wielding a +2 vampiric dagger and carrying a wand of acid (7).
Ijyb shouts!
Found a stone staircase leading down.
The rat completely misses you.
Your shield and scale mail prevent you from hitting the rat.
The rat bites you but does no damage.
You closely miss the rat. The rat barely misses you.
You hit the rat.
You kill the rat!
Ijyb hits you but does no damage.
You see here a rat corpse.
You hit Ijyb but do no damage.
Ijyb zaps a wand.
The bolt of acid hits you!
You focus on the pain.
You feel agile all of a sudden. The acid corrodes you!
You are splashed with acid!
You focus on the pain.
You feel more agile all of a sudden.
Ijyb zaps a wand.
The bolt of acid hits you!
* * * LOW HITPOINT WARNING * * *
The acid corrodes you!
You are splashed with acid!
You die...

#.####.####.
#.##.....##.#
#.#.......#.#
###########.#.......#.#
.......).)......_.....
####.....##.#.......#. #
#.###.##.#.......# #
#...#.##.##..g..# #
###.#.##.####@####..>
######.#..............#
.))..).####......#......
######## #......#.#####
################.#.####
≈.......................
≈#######################
≈# ##


You could see Ijyb.

Vanquished Creatures
  4 killer bees
  3 orc priests (D:3)
  An orc wizard (D:3)
  3 gnolls (D:2)
  5 adders
  An ooze (D:3)
  A worm (D:2)
  3 dart slugs
  2 leopard geckos (D:3)
  7 orcs (D:3)
  6 bats
  A giant cockroach (D:1)
  9 goblins
  12 hobgoblins
  4 frilled lizards
  5 kobolds
  5 rats
72 creatures vanquished.

Notes
Turn   | Place    | Note
-------+----------+-------------------------------------------
     0 | D:1      | KlarStein the Demonspawn Fighter began the quest for the
                  | Orb.
     0 | D:1      | Reached XP level 1. HP: 18/18 MP: 1/1
    88 | D:1      | Gained mutation: You are partially covered in icy blue
                  | scales. (AC +2) [demonic ancestry]
    88 | D:1      | Reached XP level 2. HP: 17/24 MP: 2/2
   665 | D:2      | Gained mutation: You sometimes gain a little power by
                  | taking damage. [demonic ancestry]
   665 | D:2      | Reached XP level 3. HP: 29/29 MP: 3/3
  1016 | D:2      | Gained mutation: You sometimes gain power by taking damage.
                  | [demonic ancestry]
  1016 | D:2      | Reached XP level 4. HP: 26/35 MP: 4/4
  1837 | D:2      | Gained mutation: Your flesh is heat resistant. (rF+)
                  | [demonic ancestry]
  1837 | D:2      | Reached XP level 5. HP: 3/42 MP: 5/5
  2347 | D:3      | Reached XP level 6. HP: 17/48 MP: 6/6
  3582 | D:3      | Found a white marble altar of Elyvilon.
  3685 | D:3      | Noticed Ijyb
  3691 | D:3      | Splashed by Ijyb's acid

Levels and vault maps discovered:
D:1:      dpeg_arrival_shelter, layout_basic
D:2:      layout_rooms, first_ration, minmay_misc_feat_secret_circle,
          kennysheep_generic_room_8
D:3:      layout_basic, old_standard_altar, chequers_serial_rivers_small_a,
          chequers_garden, uniq_ijyb

Skill      XL: |  1  2  3  4  5  6 |
---------------+-------------------+-----
Long Blades    | 2 3 4 |  4.3
Armour         | 3 |  3.9
Shields        | 3 |  3.9
Fighting       | 4 |  4.2

Action                   |  1- 3 |  4- 6 || total
-------------------------+-------+-------++-------
Melee: Long sword        |   122 |    91 ||   213
       Dagger            |       |    93 ||    93
  Use: Scroll            |       |     6 ||     6
       Potion            |       |     4 ||     4
  Eat: Chunk             |       |     6 ||     6
       Ration            |       |     1 ||     1
Armor: Scale mail        |    45 |    70 ||   115
Dodge: Dodged            |    36 |    66 ||   102
Block: Shield            |    56 |    97 ||   153
       Rpst.: Long sword |    13 |    17 ||    30
